 Dungeon Crawl Stone Soup version 0.18-b1-22-ge198996 (webtiles) character file.

150759 dobroeutro the Severer (level 16, -3/149 HPs)
             Began as a Minotaur Fighter on May 3, 2016.
             Was the Champion of Okawaru.
             Succumbed to a redback's poison
             ... while paralysed
             ... on level 4 of the Spider Nest.
             The game lasted 01:17:02 (25276 turns).

dobroeutro the Severer (Minotaur Fighter)          Turns: 25276, Time: 01:17:03

Health: -3/149     AC: 43    Str: 28 (29) XL:     16   Next: 99%
Magic:  0/21       EV:  2    Int:  0 (3)  God:    Okawaru [******]
Gold:   759        SH:  0    Dex: 12 (13) Spells: 0 memorised, 15 levels left

rFire  + + .     SeeInvis .     O - +6 broad axe (flame)
rCold  + . .     Gourm    .     W - +14 plate armour "Mymisole" {rN+ Regen+ Str+2}
rNeg   + . .     Faith    .     U - +6 large shield {rF+}
rPois  .         Spirit   .     (helmet unavailable)
rElec  +         Dismiss  .     R - +1 cloak {MR+}
rCorr  .         Reflect  +     x - +2 pair of gloves {Str+3}
SustAt .         Harm     .     H - +1 pair of boots {run}
MR     +++..     Clarity  +     Y - +2 amulet of reflection
Stlth  ..........               n - ring of protection from magic
                                Q - ring of protection from fire

@: paralysed, lethally poisoned (-3 -> -63), slowed, lost intelligence, quick,
extremely resistant to hostile enchantments, extremely unstealthy
A: retaliatory headbutt, claws 1, horns 3, talons 1, rough black scales 1,
berserk 1, clarity, cold resistance 1, dopey 1, regeneration 1, screaming 1,
electricity resistance
a: Heroism, Finesse, Renounce Religion


You were on level 4 of the Spider Nest.
You worshipped Okawaru.
Okawaru was exalted by your worship.
You were not hungry.

You visited 4 branches of the dungeon, and saw 29 of its levels.
You also visited: Labyrinth and Sewer.

You collected 3680 gold pieces.
You spent 2921 gold pieces at shops.

Inventory:

Hand Weapons
 a - a +1 war axe of flaming
 O - a +6 broad axe of flaming (weapon)
Armour
 c - the +0 cloak of Watchfulness {rCorr SInv}
   (You found it on level 4 of the Lair of Beasts)

   It lets you see invisible.
   It protects you from acid and corrosion.
 t - the +3 large shield of Follow the Leader {+Inv Str+3 SInv}
   (Okawaru gifted it to you on level 13 of the Dungeon)

   It affects your strength (+3).
   It lets you see invisible.
   It lets you turn invisible.
 x - a +2 pair of gloves of strength (worn)
 H - a +1 pair of boots of running (worn)
 L - a +2 plate armour of fire resistance
 R - a +1 cloak of magic resistance (worn)
 U - a +6 large shield of fire resistance (worn)
 W - the +14 plate armour "Mymisole" (worn) {rN+ Regen+ Str+2}
   (You bought it in a shop on level 2 of the Orcish Mines)

   It affects your strength (+2).
   It protects you from negative energy.
   It increases your rate of regeneration.
Rods
 K - a +3 rod of ignition (12/12)
   (You took it off a minotaur in a labyrinth)
Jewellery
 b - an uncursed amulet of regeneration
 n - a ring of protection from magic (right hand)
 C - an uncursed ring of resist corrosion
 Q - a ring of protection from fire (left hand)
 S - an uncursed ring of ice
 Y - a +2 amulet of reflection (around neck)
Wands
 r - a wand of digging (13/24)
 y - a wand of flame (7/48)
 B - a wand of paralysis (5/24)
 E - a wand of lightning (10/15)
 J - a wand of iceblast (7/15)
 M - a wand of disintegration (12/24)
 Z - a wand of acid (8/15)
Scrolls
 e - 6 scrolls of remove curse
 h - 3 scrolls of fog
 l - 5 scrolls of recharging
 m - 2 scrolls of identify
 q - 9 scrolls of fear
 v - 9 scrolls of teleportation
 D - a scroll of holy word
 F - 2 scrolls of blinking
 P - 3 scrolls of magic mapping
Potions
 d - 5 potions of might
 j - 4 potions of haste
 k - a potion of invisibility
 o - 10 potions of curing
 p - 7 potions of heal wounds
 w - 3 potions of ambrosia
 A - a potion of berserk rage
 G - 4 potions of agility
 I - 3 potions of flight
 V - a potion of resistance
Comestibles
 f - 26 bread rations
 i - 10 meat rations
 u - 24 fruits


   Skills:
 + Level 15.5 Fighting
 + Level 17.9 Axes
 + Level 15.1 Armour
 + Level 13.6 Dodging
 + Level 15.5 Shields
 + Level 8.2 Invocations


You had 15 spell levels left.
You didn't know any spells.

Dungeon Overview and Level Annotations

Branches:
Dungeon (15/15)            Temple (0/1) D:7            Lair (8/8) D:8
 Shoals (0/4) Lair:3       Spider (4/4) Lair:4        Slime (0/6) Lair:8
    Orc (2/2) D:10            Elf (0/3) Orc:2        Vaults (0/5) D:13
 Depths (0/5) D:15

Altars:
Cheibriados
Dithmenos
Kikubaaqudgha
Okawaru
Pakellas
Qazlal
Sif Muna
Trog
Vehumet
Xom
The Shining One
Jiyva

Shops:
D:10 :!   D:12 [   Orc:2 %*[[(:[==

Annotations:
D:5 exclusion: statue
D:11 Sonja


Innate Abilities, Weirdness & Mutations

You reflexively headbutt those who attack you in melee.
You have a pair of large horns on your head.
You have sharp fingernails.
You have sharp toenails.
You are partially covered in rough black scales (AC +4, Dex -1).
You tend to lose your temper in combat.
You possess an exceptional clarity of mind.
Your flesh is cold resistant.
You are dopey. (Int -2)
Your natural rate of healing is unusually fast.
You occasionally shout uncontrollably at your foes.
You are resistant to electric shocks.


Message History

* * * LOW HITPOINT WARNING * * *
You feel extremely sick. The redback bites you!
* * * LOW HITPOINT WARNING * * *
Something hits you but does no damage. x2; Something stings you.
* * * LOW HITPOINT WARNING * * *
The redback bites you but does no damage.
* * * LOW HITPOINT WARNING * * *
You feel extremely sick.
The redback splashes around in the water.
The redback bites you but does no damage.
You feel you are being watched by something.
Something hits you but does no damage. Something hits you.
* * * LOW HITPOINT WARNING * * *
You feel clumsy.
Something stings you but does no damage.
The jumping spider pounces on you but does no damage.
The jumping spider bites you but does no damage.
The redback bites you but does no damage. x2
You die...

#≈≈.^)# ######
##...##≈...#
≈..≈##.....#≈≈...#
#≈.≈#≈...# #≈≈≈^##
#≈≈≈≈≈≈.. #≈≈≈≈.#
#≈≈≈#≈≈≈ #.≈≈≈.#
#####≈≈≈≈≈######.†#≈≈#
^.≈≈≈≈s≈s≈≈.......≈≈≈#
≈≈≈≈#≈s@≈≈≈.#........#
≈≈≈≈≈≈{≈#≈......^....#
...≈≈≈..............##
.#....^.........#....#
#####################


You could see a jumping spider and 2 redbacks.

Vanquished Creatures
  Saint Roka (Orc:2)
  Rupert (D:13)
  Kirke (D:13)
  2 orc warlords
  3 emperor scorpions
  A minotaur (Lab)
  7 vault guards (D:13)
  Erolcha (D:8)
  2 ice dragons (D:15)
  An entropy weaver (Spider:3)
  Fannar (D:11)
  8 hydras
  2 catoblepae
  A centaur warrior (D:15)
  A queen ant (Lair:1)
  4 orc high priests (Orc:2)
  4 death yaks (Lair:4)
  A spectral emperor scorpion (Spider:4)
  2 unseen horrors
  A spectral wolf spider (Spider:4)
  3 hill giants
  3 orc knights (Orc:2)
  A wolf spider zombie (D:13)
  A deep elf mage (D:12)
  An orc sorcerer (Orc:2)
  12 orb spiders
  5 ugly things (D:15)
  5 hornets
  3 griffons
  4 cyclopes
  21 wolf spiders
  A moth of wrath (Spider:4)
  3 black mambas
  A centaur zombie (D:15)
  A gargoyle (D:13)
  3 torpor snails
  18 elephants
  Psyche (D:8)
  14 spiny frogs
  4 centaur skeletons
  4 rime drakes
  9 komodo dragons
  A freezing wraith (D:15)
  A spectral redback (Spider:4)
  7 trolls
  A spriggan druid (Lair:8)
  10 demonic crawlers
  31 jumping spiders
  A merfolk (D:12)
  5 polar bears (Lair:8)
  A two-headed ogre (D:11)
  18 blink frogs
  2 boulder beetles
  9 slime creatures
  A spectral tarantella (Spider:4)
  2 jumping spider zombies (Spider:4)
  77 redbacks
  5 wyverns
  13 spriggans
  A shadow (D:15)
  52 yaks
  4 wraiths
  27 tarantellas
  A vampire (D:12)
  Eustachio (D:5)
  4 hogs (D:13)
  A basilisk (shapeshifter) (D:13)
  11 basilisks
  9 hippogriffs
  4 hungry ghosts
  A mottled dragon (Lair:3)
  2 steam dragons
  4 wargs
  4 vampire mosquitoes
  20 soldier ants (Lair:1)
  9 water moccasins
  15 porcupines
  Duvessa (D:5)
  36 orc warriors
  2 sky beasts
  8 wasps
  2 necrophages
  3 ice beasts
  Purgy (Sewer)
  7 black bears
  A phantom (D:5)
  29 wolves
  18 centaurs
  14 ogres
  13 crocodiles
  2 big kobolds (D:10)
  The ghost of ThereIsNoGod the Covert, an amateur SpAs (D:3)
  10 giant frogs
  A wyvern zombie (D:13)
  A wyvern skeleton (D:8)
  Dowan (D:5)
  5 scorpions
  5 killer bees
  10 wights
  A howler monkey (D:6)
  An electric eel (D:13)
  7 crimson imps
  8 hounds
  4 quasits
  A giant frog zombie (D:13)
  15 orc wizards
  17 orc priests
  7 jellies
  2 giant frog skeletons
  9 iguanas
  Natasha (thrice) (D:4 D:5)
  27 worker ants
  6 sheep
  A howler monkey zombie (D:6)
  A worker ant zombie (D:10)
  5 gnolls
  49 river rats
  12 adders
  3 shadow imps
  An ooze (D:1)
  An adder zombie (D:7)
  4 worms
  A dart slug (D:1)
  3 giant geckos
  95 orcs
  2 ball pythons
  8 giant cockroaches
  12 goblins
  8 hobgoblins
  9 jackals
  8 quokkas
  6 bats
  A giant cockroach zombie (D:5)
  5 giant newts
  16 kobolds
  7 rats
  8 fungi
  14 plants
1077 creatures vanquished.

Vanquished Creatures (collateral kills)
  A howler monkey zombie (D:10)
1 creature vanquished.

Vanquished Creatures (others)
  19 fungi
  6 plants
25 creatures vanquished.

Grand Total: 1103 creatures vanquished

Notes
Turn   | Place    | Note
--------------------------------------------------------------
     0 | D:1      | dobroeutro the Minotaur Fighter began the quest for the Orb.
     0 | D:1      | Reached XP level 1. HP: 19/19 MP: 0/0
    20 | D:1      | Reached skill level 3 in Axes
    66 | D:1      | Reached XP level 2. HP: 26/26 MP: 1/1
   231 | D:1      | Reached skill level 4 in Axes
   320 | D:1      | Reached XP level 3. HP: 29/31 MP: 2/2
   624 | D:2      | Found a snail-covered altar of Cheibriados.
   624 | D:2      | Found an iron altar of Okawaru.
   651 | D:2      | Became a worshipper of Warmaster Okawaru
   761 | D:2      | Reached skill level 5 in Axes
   921 | D:2      | Found a shimmering altar of Xom.
  1091 | D:2      | Reached XP level 4. HP: 33/39 MP: 3/3
  1201 | D:3      | Noticed ThereIsNoGod's ghost (amateur SpAs)
  1210 | D:3      | Reached skill level 6 in Axes
  1218 | D:3      | Killed ThereIsNoGod's ghost
  1218 | D:3      | Reached XP level 5. HP: 32/45 MP: 4/4
  1340 | D:3      | Found an oddly glowing altar of Pakellas.
  1490 | D:3      | Reached skill level 7 in Axes
  2026 | D:4      | Reached XP level 6. HP: 51/51 MP: 5/5
  2046 | D:4      | Found a glowing drain.
  2061 | D:4      | Reached * piety under Okawaru
  2087 | Sewer    | Entered a sewer
  2218 | Sewer    | Noticed Purgy
  2228 | Sewer    | Killed Purgy
  2228 | Sewer    | Reached skill level 8 in Axes
  2398 | D:4      | Noticed Natasha
  2403 | D:4      | Killed Natasha
  2605 | D:4      | Reached skill level 9 in Axes
  2718 | D:4      | Reached XP level 7. HP: 57/57 MP: 6/6
  2834 | D:4      | Found a shimmering altar of Xom.
  2834 | D:4      | Found a shimmering altar of Xom.
  2834 | D:4      | Found a shimmering altar of Xom.
  2841 | D:4      | You fall through a shaft for 2 floors!
  3063 | D:6      | Reached skill level 10 in Axes
  3107 | D:6      | Reached ** piety under Okawaru
  3111 | D:6      | Gained mutation: Your flesh is cold resistant. [mutagenic meat]
  3112 | D:6      | Gained mutation: You are partially covered in molten scales (AC +1). [mutagenic meat]
  3113 | D:6      | Gained mutation: You are frail (-10% HP). [mutagenic meat]
  3114 | D:6      | Gained mutation: You evolve. [mutagenic meat]
  3115 | D:6      | Gained mutation: You are resistant to electric shocks. [mutagenic meat]
  3364 | D:6      | Lost mutation: You are frail (-10% HP). [evolution]
  3587 | D:6      | Reached skill level 11 in Axes
  3617 | D:6      | Reached XP level 8. HP: 65/66 MP: 7/7
  3803 | D:5      | Entered Level 5 of the Dungeon
  3815 | D:5      | Reached skill level 1 in Dodging
  3962 | D:5      | Noticed Dowan
  3963 | D:5      | Noticed Duvessa
  3964 | D:5      | Noticed Eustachio
  4235 | D:5      | Killed Dowan
  4237 | D:5      | Killed Duvessa
  4261 | D:5      | Killed Eustachio
  4261 | D:5      | Reached *** piety under Okawaru
  4261 | D:5      | Reached skill level 5 in Fighting
  4261 | D:5      | Reached skill level 5 in Armour
  4318 | D:5      | Noticed Natasha
  4325 | D:5      | Killed Natasha
  4325 | D:5      | Reached skill level 5 in Shields
  4563 | D:5      | Noticed Natasha
  4570 | D:5      | Killed Natasha
  4596 | D:5      | Reached XP level 9. HP: 59/74 MP: 8/8
  4858 | D:5      | Found a radiant altar of Vehumet.
  4872 | D:5      | Found a glowing golden altar of the Shining One.
  5313 | D:7      | Found a bloodstained altar of Trog.
  5402 | D:7      | Found a staircase to the Ecumenical Temple.
  5525 | D:7      | Gained mutation: You possess an exceptional clarity of mind. [mutagenic meat]
  5526 | D:7      | Gained mutation: Your natural rate of healing is unusually fast. [mutagenic meat]
  5527 | D:7      | Gained mutation: You tend to lose your temper in combat. [mutagenic meat]
  5528 | D:7      | Gained mutation: You are partially covered in rough black scales (AC +4, Dex -1). [mutagenic meat]
  5537 | D:7      | Found a stormy altar of Qazlal.
  5728 | D:7      | Reached **** piety under Okawaru
  5898 | D:7      | Reached skill level 12 in Axes
  6236 | D:8      | Noticed Erolcha
  6254 | D:8      | Killed Erolcha
  6254 | D:8      | Reached ***** piety under Okawaru
  6254 | D:8      | Reached skill level 5 in Dodging
  6385 | D:8      | Reached XP level 10. HP: 86/86 MP: 9/9
  6448 | D:8      | Noticed Psyche
  6462 | D:8      | Paralysed by Psyche for 3 turns
  6470 | D:8      | Killed Psyche
  6544 | D:8      | Found a staircase to the Lair.
  6761 | D:9      | Found a deep blue altar of Sif Muna.
  6835 | D:9      | Found a shadowy altar of Dithmenos.
  7296 | D:9      | Gained mutation: You have sharp fingernails. [evolution]
  7296 | D:9      | Lost mutation: You evolve. [end of evolution]
  7351 | D:9      | Gained mutation: You are mostly covered in rough black scales (AC +7, Dex -2). [potion of mutation]
  7351 | D:9      | Gained mutation: You have a pair of large horns on your head. [potion of mutation]
  7351 | D:9      | Lost mutation: You are partially covered in molten scales (AC +1). [potion of mutation]
  7352 | D:9      | Gained mutation: You are dopey. (Int -2) [potion of mutation]
  7352 | D:9      | Lost mutation: You are mostly covered in rough black scales (AC +7, Dex -2). [potion of mutation]
  7353 | D:9      | Gained mutation: You occasionally shout uncontrollably at your foes. [potion of mutation]
  7353 | D:9      | Gained mutation: You have sharp toenails. [potion of mutation]
  7695 | D:10     | Entered Level 10 of the Dungeon
  7895 | D:10     | Found a staircase to the Orcish Mines.
  7966 | D:10     | Found Wanul's Book Boutique.
  8042 | D:10     | Received a gift from Okawaru
  8042 | D:10     | Reached skill level 13 in Axes
  8160 | D:10     | Reached ****** piety under Okawaru
  8317 | D:10     | Found Zugocom's Distillery.
  8434 | D:10     | Reached XP level 11. HP: 79/95 MP: 10/10
  8583 | D:11     | Noticed Fannar
  8593 | D:11     | Killed Fannar
  8596 | D:11     | Received a gift from Okawaru
  8643 | D:11     | Noticed Sonja
  8841 | D:11     | Noticed a hill giant
  8864 | D:11     | Killed a hill giant
  9004 | D:11     | Noticed a four-headed hydra
  9009 | D:11     | Killed a one-headed hydra
  9311 | D:12     | Found Aleozoa's Antique Armour Shop.
  9331 | D:12     | Bought a glowing large shield for 81 gold pieces
  9331 | D:12     | Bought a runed chain mail for 81 gold pieces
  9595 | D:12     | Noticed a deep elf mage
  9622 | D:12     | Killed a deep elf mage
  9925 | Lair:1   | Entered Level 1 of the Lair of Beasts
  9993 | Lair:1   | Reached skill level 10 in Fighting
 10003 | Lair:1   | Noticed a queen ant
 10127 | Lair:1   | Killed a queen ant
 10264 | Lair:1   | Reached skill level 10 in Armour
 10272 | Lair:1   | Reached skill level 10 in Shields
 10288 | Lair:1   | Reached XP level 12. HP: 64/106 MP: 11/11
 10295 | Lair:1   | Reached skill level 14 in Axes
 11096 | Lair:2   | Found a labyrinth entrance.
 11107 | Lab      | Entered a labyrinth
 11357 | Lab      | Received a gift from Okawaru
 11438 | Lab      | Noticed a minotaur
 11446 | Lab      | Killed a minotaur
 11458 | Lab      | Got a sparkling ruby amulet
 11535 | Lair:2   | Identified the amulet of Bunurphu {Inacc Dex+5} (You found it in a labyrinth)
 11993 | Lair:2   | Noticed a five-headed hydra
 11999 | Lair:2   | Killed a two-headed hydra
 11999 | Lair:2   | Received a gift from Okawaru
 12002 | Lair:2   | Got an ebony hand axe {god gift}
 12003 | Lair:2   | Identified the +1 hand axe of Bread {chop, +Inv rPois rN+ Int-2} (Okawaru gifted it to you on level 2 of the Lair of Beasts)
 12194 | Lair:2   | Noticed a six-headed hydra
 12203 | Lair:2   | Killed a two-headed hydra
 12349 | Lair:3   | Noticed an eight-headed hydra
 12356 | Lair:3   | Killed a four-headed hydra
 12445 | Lair:3   | Found a staircase to the Shoals.
 12583 | Lair:3   | Noticed a seven-headed hydra
 12591 | Lair:3   | Killed a three-headed hydra
 12591 | Lair:3   | Received a gift from Okawaru
 13003 | Lair:4   | Reached XP level 13. HP: 116/116 MP: 12/12
 13082 | Lair:4   | Got a crude cloak
 13093 | Lair:4   | Identified the cursed +0 cloak of Watchfulness {rCorr SInv} (You found it on level 4 of the Lair of Beasts)
 13221 | Lair:4   | Reached skill level 10 in Dodging
 13228 | Lair:4   | Reached skill level 15 in Axes
 13354 | Lair:4   | Received a gift from Okawaru
 13621 | Lair:4   | Found a hole to the Spider Nest.
 15250 | Lair:7   | Received a gift from Okawaru
 15264 | Lair:7   | Got a scorched shield {god gift}
 15276 | Lair:7   | Identified the +6 shield of Mental Paralysis {Int+4} (Okawaru gifted it to you on level 7 of the Lair of Beasts)
 15335 | Lair:7   | Reached XP level 14. HP: 127/127 MP: 13/13
 16120 | Lair:8   | Entered Level 8 of the Lair of Beasts
 16451 | Lair:8   | Reached skill level 16 in Axes
 16549 | Lair:8   | Received a gift from Okawaru
 16821 | Lair:8   | Found an ancient bone altar of Kikubaaqudgha.
 17006 | Lair:8   | Reached skill level 1 in Invocations
 17307 | Lair:8   | Found a viscous altar of Jiyva.
 17314 | Lair:8   | Found a staircase to the Slime Pits.
 18393 | D:13     | Received a gift from Okawaru
 18438 | D:13     | Found a gate to the Vaults.
 18654 | D:13     | Noticed Rupert
 18655 | D:13     | Noticed Kirke
 18659 | D:13     | Reached XP level 15. HP: 136/137 MP: 16/16
 18668 | D:13     | Killed Kirke
 19047 | D:13     | Received a gift from Okawaru
 19055 | D:13     | Got a fine large shield {god gift}
 19066 | D:13     | Identified the +3 large shield of Follow the Leader {+Inv Str+3 SInv} (Okawaru gifted it to you on level 13 of the Dungeon)
 19148 | D:13     | Killed Rupert
 20263 | D:15     | Entered Level 15 of the Dungeon
 20621 | D:15     | Found a staircase to the Depths.
 20814 | D:15     | Got a scorched plate armour
 20825 | D:15     | Identified the cursed +1 plate armour of Bitterness {rElec Stlth+} (You found it on level 15 of the Dungeon)
 21161 | Orc:1    | Entered Level 1 of the Orcish Mines
 21221 | Orc:2    | Entered Level 2 of the Orcish Mines
 21221 | Orc:2    | Found Ohekkoin's Jewellery Shop.
 21227 | Orc:2    | Found Eryxamo's Book Boutique.
 21264 | Orc:2    | Found Ryhoab's Antique Weapon Emporium.
 21280 | Orc:2    | Reached skill level 5 in Invocations
 21281 | Orc:2    | Reached skill level 17 in Axes
 21438 | Orc:2    | Found Qiofav's Jewellery Emporium.
 21485 | Orc:2    | Noticed an orc warlord
 21503 | Orc:2    | Killed an orc warlord
 21543 | Orc:2    | Found Ving's Armour Shoppe.
 21575 | Orc:2    | Found Ivaypp's General Store.
 21577 | Orc:2    | Found a staircase to the Elven Halls.
 21578 | Orc:2    | Noticed Saint Roka
 21637 | Orc:1    | Received a gift from Okawaru
 21846 | Orc:1    | Noticed an orc warlord
 21863 | Orc:1    | Killed an orc warlord
 22249 | Orc:2    | Killed Saint Roka
 22527 | Orc:2    | Found Iqoagy's Antique Armour Boutique.
 22625 | Orc:2    | Found Qonaun's Armour Emporium.
 22650 | Orc:2    | Found Kaanaxaun's Food Shoppe.
 22712 | Orc:2    | Bought a shimmering plate armour for 924 gold pieces
 22712 | Orc:2    | Bought a pair of glowing gloves for 148 gold pieces
 22712 | Orc:2    | Bought a brightly glowing plate armour for 924 gold pieces
 22712 | Orc:2    | Bought a fine cloak for 313 gold pieces
 22722 | Orc:2    | Identified the +1 plate armour of Sin {Dex+7} (You bought it in a shop on level 2 of the Orcish Mines)
 22735 | Orc:2    | Identified the +14 plate armour "Mymisole" {rN+ Regen+ Str+2} (You bought it in a shop on level 2 of the Orcish Mines)
 22768 | Orc:2    | Identified the cursed +0 cloak "Onagg" {rElec Regen+ Str-4} (You bought it in a shop on level 2 of the Orcish Mines)
 22819 | Orc:2    | Bought an uncursed amulet of regeneration for 360 gold pieces
 22819 | Orc:2    | Bought a scroll of enchant weapon for 90 gold pieces
 23063 | Spider:1 | Entered Level 1 of the Spider Nest
 23112 | Spider:1 | Reached XP level 16. HP: 147/147 MP: 19/19
 23372 | Spider:1 | Received a gift from Okawaru
 23551 | Spider:2 | Reached skill level 15 in Fighting
 23683 | Spider:2 | Got a warped great sword
 23692 | Spider:2 | Identified the +4 great sword of the Cup {flame, *Confuse rC+++ MP-9 Dex+7} (You found it on level 2 of the Spider Nest)
 23873 | Spider:2 | Reached skill level 15 in Shields
 23934 | Spider:2 | Received a gift from Okawaru
 24692 | Spider:4 | Entered Level 4 of the Spider Nest
 24811 | Spider:4 | Reached skill level 15 in Armour
 24848 | Spider:4 | Received a gift from Okawaru
 24866 | Spider:4 | Identified a +1 pair of boots of running (Okawaru gifted it to you on level 4 of the Spider Nest)
 25272 | Spider:4 | Lost intelligence.
 25275 | Spider:4 | HP: 3/149 [something (5)]
 25276 | Spider:4 | Succumbed to a redback's poison

Skill      XL: |  1  2  3  4  5  6  7  8  9 10 11 12 13 14 15 16 |
---------------+-------------------------------------------------+-----
Axes           | 3 4 5 6 7 9 11 12 13 14 15 16 17 | 17.9
Fighting       | 5 7 8 10 11 12 13 14 15 | 15.5
Armour         | 5 7 8 10 11 12 13 14 15 | 15.1
Dodging        | 3 5 6 8 9 10 11 12 13 | 13.6
Shields        | 5 6 8 10 11 12 13 14 15 | 15.5
Invocations    | 3 6 8 |  8.2

Action                   |  1- 3 |  4- 6 |  7- 9 | 10-12 | 13-15 | 16-18 || total
-------------------------+-------+-------+-------+-------+-------+-------++-------
Melee: War axe           |    94 |   143 |   305 |   209 |       |       ||   751
       Headbutt          |    10 |    18 |    54 |   133 |   277 |   102 ||   594
       Broad axe         |       |       |       |   530 |  1137 |   490 ||  2157
Invok: Heroism           |       |       |       |     2 |     3 |       ||     5
       Finesse           |       |       |       |       |     2 |       ||     2
Evoke: Wand              |       |     1 |       |       |     5 |       ||     6
  Use: Scroll            |       |    10 |     8 |    17 |    18 |     6 ||    59
       Potion            |       |       |       |     4 |       |       ||     4
  Eat: Chunk             |       |     5 |    25 |    18 |    22 |       ||    70
       Pizza             |       |       |     1 |     1 |     2 |     1 ||     5
       Beef jerky        |       |       |       |     1 |     3 |       ||     4
       Meat ration       |       |       |       |       |     1 |     2 ||     3
Armor: Scale mail        |    34 |    65 |   175 |    63 |       |       ||   337
       Plate armour      |       |       |       |   140 |    16 |   260 ||   416
       Chain mail        |       |       |       |   229 |   301 |       ||   530
Dodge: Dodged            |    28 |    41 |   107 |   165 |   260 |   154 ||   755
Block: Shield            |    44 |    73 |   179 |   214 |       |       ||   510
       Large shield      |       |       |       |   422 |  1195 |   712 ||  2329
